 Dungeon Crawl Stone Soup version 0.25.1-2-g60ff931df9 (webtiles) character file.

Game seed: 4660345534535900943

49 lepoulpe303 the Digger (level 3, 0/19 HPs)
             Began as a Gargoyle Earth Elementalist on Aug 17, 2020.
             Hit by a goblin thrown by Robin (2 damage)
             ... on level 2 of the Dungeon.
             The game lasted 00:05:38 (2043 turns).

lepoulpe303 the Digger (GrEE)                       Turns: 2043, Time: 00:05:39

Health: 0/19       AC:  5    Str: 11    XL:     3   Next: 77%
Magic:  5/6        EV: 12    Int: 16    God:
Gold:   42         SH:  0    Dex: 10    Spells: 1/7 levels left

rFire    . . .     SeeInvis .   h - +0 whip
rCold    . . .     Gourm    .   (no shield)
rNeg     + . .     Faith    .   c - +0 robe
rPois    ∞         Spirit   .   (no helmet)
rElec    +         Reflect  .   (no cloak)
rCorr    .         Harm     .   (no gloves)
MR       .....                  (no boots)
Stlth    ++........             (no amulet)
HPRegen  0.06/turn              (no ring)
MPRegen  0.10/turn              (no ring)

@: no status effects
A: negative energy resistance 1, electricity resistance, unbreathing,
petrification resistance, rot immunity, AC +3
a: no special abilities


You were on level 2 of the Dungeon.
You were hungry.

You visited 1 branch of the dungeon, and saw 2 of its levels.

You collected 42 gold pieces.

Inventory:

Hand Weapons
 f - a +0 dagger
 h - a +0 whip (weapon)
Missiles
 Q - 13 stones (quivered)
Armour
 c - a +0 robe (worn)
Scrolls
 e - a scroll of enchant weapon {unknown}
 g - a scroll of fear
 w - 3 scrolls of remove curse
Potions
 a - a potion of heal wounds {unknown}
 d - a potion of haste {unknown}
 i - a potion of degeneration {unknown}
Comestibles
 b - 3 chunks of flesh


   Skills:
 + Level 0.3 Short Blades
 + Level 1.8 Dodging
 + Level 2.6 Stealth
 * Level 2.5 Spellcasting
 * Level 0.7 Conjurations
 - Level 0.7 Transmutations
 * Level 4.3 Earth Magic


You had one spell level left.
You knew the following spells:

 Your Spells              Type           Power        Failure   Level  Hunger
a - Sandblast             Erth           ###...       3%          1    #......
w - Passwall              Tmut/Erth      ##......     11%         2    ##.....
x - Stone Arrow           Conj/Erth      ##....       21%         3    ###....

Your spell library contained the following spells:

 Spells                   Type           Power        Failure   Level  Hunger
 Petrify                  Tmut/Erth      ##......     56%         4    #####..
 Lee's Rapid Deconstruct  Erth           ###.......   65%         5    ######.


Dungeon Overview and Level Annotations

Branches:
Dungeon (2/15)

Altars:
Okawaru

Annotations:
D:2 Robin


Innate Abilities, Weirdness & Mutations

You are resistant to torment.
Your stone body is resilient. (AC +3)
You are immune to poison.
You resist negative energy. (rN+)
You are resistant to electric shocks. (rElec)
You can survive without breathing.
You are immune to petrification.
You are immune to rotting.


Message History

The goblin closely misses you.
Robin roars a battlecry!
The goblins go into a battle-frenzy!
The goblin misses you.
You hear a shout!
Aim: a goblin, wielding a +0 club (heavily wounded, strong)
The blast of sand hits the goblin!
You kill the goblin!
Q - 13 stones The goblin closely misses you.
Robin roars a battlecry!
The goblin hits you with a +0 dagger.
* * * LOW HITPOINT WARNING * * *
You take 4 damage, and have 2/19 hp.
MASSIVE DAMAGE!!
You now have 5/6 mp.
You see here a +0 club.
Robin's bangles clink loudly.
Robin throws the goblin at you!
You die...

........)......(........#
#..............#.g..#...#
.#......#######.#.g#...#
#.##..## ##g#.##...#
#.##.## ##.g..######
###.##.#######.gg###
........##.....#)#
...###.....#####g#
#####....>######@# #####
........#.÷....#g### #...#
.####.########.....###...#
#..# #.###.......# #.##
#.# #####...# #.
#####.######....# #.
#.....##).......# ..
#........####...# .#
#....##### #...#


You could see Robin, a hobgoblin (strong) and 5 goblins.

Levels and vault maps discovered:
D:1:      minmay_arrival_cross, layout_basic, minmay_liquid_box
D:2:      layout_rooms, old_standard_altar, vehumet_crystals,
          uniq_crazy_yiuf_cottage, uniq_robin

Notes
Turn   | Place    | Note
-------+----------+-------------------------------------------
     0 | D:1      | lepoulpe303 the Gargoyle Earth Elementalist began the quest
                  | for the Orb.
     0 | D:1      | Reached XP level 1. HP: 10/10 MP: 3/3
   124 | D:1      | Identified a +0 dagger
   223 | D:1      | Identified a +0 whip (You found it on level 1 of the
                  | Dungeon)
   335 | D:1      | Identified a +0 club
   341 | D:1      | Reached XP level 2. HP: 13/15 MP: 5/5
   356 | D:1      | Learned a level 2 spell: Passwall
   530 | D:1      | Identified a +0 club
   609 | D:1      | Identified a +0 dagger
   613 | D:1      | Reached skill level 4 in Earth Magic
   691 | D:1      | Identified a +0 club
   854 | D:1      | Identified 4 scrolls of remove curse
   855 | D:1      | Identified 2 scrolls of fear
   888 | D:2      | HP: 2/15 [quokka (4)]
  1189 | D:2      | Identified a +0 club
  1190 | D:2      | Identified a +0 dagger of venom
  1193 | D:2      | Reached XP level 3. HP: 19/19 MP: 3/6
  1205 | D:2      | Learned a level 3 spell: Stone Arrow
  1683 | D:2      | Identified a +0 short sword
  1703 | D:2      | HP: 3/19 [worm (5)]
  1747 | D:2      | Found an iron altar of Okawaru.
  1747 | D:2      | Identified a +1 dagger of venom
  1747 | D:2      | Identified a +0 club
  1990 | D:2      | Identified a +0 club
  1992 | D:2      | Identified a +0 dagger of holy wrath
  1997 | D:2      | Identified a +0 club
  1997 | D:2      | Identified a +0 club
  1997 | D:2      | Identified a +0 dagger
  2012 | D:2      | Identified a +1 spear of distortion
  2012 | D:2      | Identified a +0 animal skin
  2012 | D:2      | Identified a +0 helmet
  2012 | D:2      | Noticed Robin
  2030 | D:2      | Identified a +0 dagger
  2034 | D:2      | Identified a +0 club
  2040 | D:2      | HP: 2/19 [goblin/+0 dagger[Robin] (4)]
  2043 | D:2      | Hit by a goblin thrown by Robin

Table legend:
 A = Turns spent in this place as a percentage of turns spent in the entire game.
 B = Non-inter-level travel turns spent in this place as a percentage of non-inter-level travel turns spent in the entire game.
 C = Inter-level travel turns spent in this place as a percentage of turns spent in this place.
 D = Turns resting spent in this place as a percentage of non-inter-level travel turns spent in this place.
 E = Turns spent auto-exploring this place as a percentage of non-inter-level travel turns spent in this place.
 F = Non-inter-level travel turns spent in this place divided by the number of levels of this place that you've seen.
                   A       B       C       D       E      F
               +-------+-------+-------+-------+-------+----------------------
         Total | 100.0 | 100.0 |   1.2 |  48.5 |  31.7 | 1009.0
       Dungeon | 100.0 | 100.0 |   1.2 |  48.5 |  31.7 | 1009.0
               +-------+-------+-------+-------+-------+----------------------

Table legend:
 A = Kills in this place as a percentage of kills in entire the game.
 B = Kills by you in this place as a percentage of kills by you in the entire game.
 C = Kills by friends in this place as a percentage of kills by friends in the entire game.
 D = Other kills in this place as a percentage of other kills in the entire game.
 E = Experience gained in this place as a percentage of experience gained in the entire game.
 F = Experience gained in this place divided by the number of levels of this place that you have seen.
                   A       B       C       D       E      F
               +-------+-------+-------+-------+-------+----------------------
         Total | 100.0 | 100.0 |   N/A |   N/A | 100.0 |  35.5
       Dungeon | 100.0 | 100.0 |   N/A |   N/A | 100.0 |  35.5
               +-------+-------+-------+-------+-------+----------------------

Skill      XL: |  1  2 |
---------------+-------+-----
Earth Magic    | 4 |  4.3
Short Blades   | |  0.3
Dodging        | |  1.8
Stealth        | |  2.6
Spellcasting   | |  2.5
Conjurations   | |  0.7
Transmutations | |  0.7

Action                   || total
-------------------------++-------
Melee: Unarmed           ||    13
       Whip              ||   129
       Dagger            ||     2
 Cast: Sandblast         ||    22
  Use: Scroll            ||     2
 Stab: Sleeping          ||     1
  Eat: Ration            ||     1
Armor: Robe              ||    51
Dodge: Dodged            ||   126

Vanquished Creatures
  4 worms (D:2)
  A dart slug (D:1)
  A leopard gecko (D:1)
  4 bats
  6 goblins
  4 hobgoblins
  3 jackals (D:2)
  A quokka (D:2)
  A frilled lizard (D:1)
  3 kobolds
  3 rats (D:1)
31 creatures vanquished.
